 Dungeon Crawl Stone Soup version 0.17-a0-1447-g3d113ad (webtiles) character file.

357 urechis the Spear-Bearer (level 6, 0/41 HPs)
             Began as a Merfolk Ice Elementalist on June 29, 2015.
             Slain by a bat (1 damage)
             ... on level 4 of the Dungeon.
             The game lasted 00:15:26 (3574 turns).

urechis the Spear-Bearer (Merfolk Ice Elementalist) Turns: 3574, Time: 00:15:26

Health: 0/41       AC:  6    Str:  8    XL:     6   Next: 64%
Magic:  3/9        EV: 12    Int: 15    God:
Gold:   143        SH:  0    Dex: 16    Spells: 1 memorised, 8 levels left

rFire  . . .     SeeInvis +     e - +0 spear
rCold  . . .     Clarity  .     t - +0 leather armour
rNeg   . . .     SustAt   .     (no shield)
rPois  .         Gourm    .     r - +0 helmet
rElec  .         Spirit   .     a - +0 cloak
rCorr  .         Warding  .     (no gloves)
rMut   .         Rnd*Tele +     l - +0 pair of boots
MR     .....                    (no amulet)
Stlth  ++........               u - ring of see invisible
                                v - ring of teleportation (curse)

@: not resistant to hostile enchantments, unstealthy
A: change form in water, swift swim
a: Evoke Teleportation


You were on level 4 of the Dungeon.
You were not hungry.

You visited 1 branch of the dungeon, and saw 4 of its levels.

You collected 143 gold pieces.

Inventory:

Hand weapons
 d - a +0 dagger
 e - a +0 spear (weapon)
Missiles
 n - a throwing net (quivered)
Armour
 a - a +0 cloak (worn)
 l - a +0 pair of boots (worn)
 r - a +0 helmet (worn)
 t - a +0 leather armour (worn)
Jewellery
 u - a ring of see invisible (right hand)
 v - a cursed ring of teleportation (left hand)
Scrolls
 f - a scroll of noise {unknown}
 i - a scroll of amnesia {unknown}
 k - 2 scrolls of identify {unknown}
 p - 3 scrolls of immolation {unknown}
 q - a scroll of recharging {unknown}
Potions
 h - a potion of might {unknown}
 j - a potion of agility {unknown}
 m - a potion of invisibility {unknown}
 o - a potion of poison {unknown}
 s - a potion of cancellation {unknown}
 w - a potion of mutation {unknown}
Books
 b - a book of Frost

   Spells                             Type                      Level
   a - Freeze                         Ice                          1
   b - Throw Frost                    Conjuration/Ice              2
   c - Ozocubu's Armour               Charms/Ice                   3
   d - Throw Icicle                   Conjuration/Ice              4
   e - Summon Ice Beast               Ice/Summoning                4
   f - Condensation Shield            Ice                          4
Comestibles
 c - 2 bread rations
 x - 9 chunks of flesh


   Skills:
 + Level 8.8 Polearms
 - Level 2.6 Dodging
 - Level 2.1 Stealth
 - Level 2.0 Spellcasting
   Level 0.7 Conjurations
 - Level 4.0 Ice Magic


You had 8 spell levels left.
You knew the following spells:

 Your Spells              Type           Power        Failure   Level  Hunger
a - Freeze                Ice            ##..         8%          1    #......


Dungeon Overview and Level Annotations

Branches:
Dungeon (4/15)
 Temple: D:4-7

Altars:
Okawaru
Ru
Vehumet

Annotations:
D:3 Grinder
D:4 Sigmund


Message History

A giant gecko comes into view.
The bat hits you but does no damage. The bat hits you but does no damage.
The hound closely misses you. The hound barely misses you.
The bat hits you but does no damage.
Found an escape hatch in the ceiling.
The hound bites you but does no damage. The bat barely misses you.
The hound bites you but does no damage.
Found a blue potion.
The giant gecko bites you but does no damage.
The bat hits you but does no damage. The bat misses you.
The bat hits you but does no damage.
A giant gecko comes into view.
The bat closely misses you. The hound bites you.
* * * LOW HITPOINT WARNING * * *
The giant gecko bites you.
* * * LOW HITPOINT WARNING * * *
The bat hits you.
You die...

###### .....# #######
.....# #......# ....(#
#......# .....# #......#
....(# #......#########
.....# #......#........
....(####......#..!...l.
.......g....O.hb@<......
........W......l........
.....(..#......#........
#####...#......#........
#...#......#########
#...#......#
#####......# #......#
########


You could see an ogre, a hound, 2 giant geckos and a bat.

Vanquished Creatures
  A crimson imp (D:4)
  2 orc wizards
  Crazy Yiuf (D:2)
  2 worker ants (D:4)
  Robin (D:2)
  7 adders
  An ooze (D:1)
  3 worms (D:2)
  2 giant geckos
  7 orcs
  A ball python (D:4)
  7 bats
  A bat skeleton (D:4)
  8 giant cockroaches
  20 goblins
  11 hobgoblins
  A quokka (D:3)
  5 giant newts
  7 kobolds
  3 rats
91 creatures vanquished.

Notes
Turn   | Place    | Note
--------------------------------------------------------------
     0 | D:1      | urechis the Merfolk Ice Elementalist began the quest for the Orb.
     0 | D:1      | Reached XP level 1. HP: 13/13 MP: 3/3
    49 | D:1      | Reached skill level 4 in Ice Magic
    49 | D:1      | Reached XP level 2. HP: 13/19 MP: 0/5
   140 | D:1      | Reached skill level 1 in Polearms
   319 | D:1      | Reached XP level 3. HP: 18/24 MP: 4/6
   791 | D:2      | Noticed Robin
   930 | D:2      | Found a radiant altar of Vehumet.
   932 | D:2      | Found a sacrificial altar of Ru.
   959 | D:2      | Found an iron altar of Okawaru.
  1064 | D:2      | Noticed Crazy Yiuf
  1126 | D:2      | Reached XP level 4. HP: 20/30 MP: 2/7
  1161 | D:2      | Killed Robin
  1468 | D:2      | You fall through a shaft!
  1520 | D:3      | Reached skill level 5 in Polearms
  1589 | D:3      | Reached XP level 5. HP: 25/35 MP: 6/8
  1744 | D:3      | Reached skill level 6 in Polearms
  2727 | D:2      | Killed Crazy Yiuf
  2727 | D:2      | Reached skill level 7 in Polearms
  2931 | D:3      | Noticed Grinder
  2936 | D:3      | Paralysed by Grinder for 4 turns
  2954 | D:3      | Paralysed by Grinder for 4 turns
  3197 | D:4      | Reached XP level 6. HP: 9/41 MP: 5/9
  3227 | D:4      | Reached skill level 8 in Polearms
  3429 | D:4      | Noticed Sigmund
  3515 | D:4      | Noticed a phantom
  3515 | D:4      | Noticed an ogre
  3573 | D:4      | HP: 2/41 [hound (4)]
  3574 | D:4      | Slain by a bat

Vault maps used:
D:1:      scummos_arrival_simple_fountains
D:2:      okawaru_gym_becter, grunt_temple_overflow_open, first_bread,
          uniq_robin, uniq_crazy_yiuf_cottage
D:3:      hangedman_decor_diamond_cutter, uniq_grinder
D:4:      uniq_sigmund

Action                   |  1- 3 |  4- 6 || total
-------------------------+-------+-------++-------
Melee: Dagger            |    15 |       ||    15
       Spear             |    78 |   173 ||   251
Throw: Throwing net      |       |     1 ||     1
 Cast: Freeze            |    23 |    70 ||    93
  Use: Potion            |       |     1 ||     1
 Stab: Sleeping          |     7 |     3 ||    10
       Distracted        |       |     3 ||     3
  Eat: Chunk             |     1 |     4 ||     5
       Fruit             |       |     2 ||     2
       Bread ration      |       |     1 ||     1
